 Dungeon Crawl Stone Soup version 0.30-a0-339-g89bb51ec76 (webtiles) character file.

Game seed: 15791439791694590252

17 PimpSugar the Magician (level 2, 0/20 HPs)
             Began as a Demonspawn Hedge Wizard on Nov 1, 2022.
             Slain by a jackal (2 damage)
             ... on level 1 of the Dungeon.
             The game lasted 00:02:47 (993 turns).

PimpSugar the Magician (Demonspawn Hedge Wizard)     Turns: 993, Time: 00:02:47

Health: 0/20       AC:  2    Str: 10    XL:     2   Next: 44%
Magic:  6/6        EV: 12    Int: 15    God:
Gold:   41         SH:  0    Dex: 12    Spells: 4/7 levels left

rFire   . . .      SeeInvis .    a - +0 dagger
rCold   . . .      Faith    .    (no shield)
rNeg    . . .      Spirit   .    b - +0 robe
rPois   .          Reflect  .    c - +0 hat
rElec   .          Harm     .    (no cloak)
rCorr   .          Rampage  .    (no gloves)
Will    .....                    (no boots)
Stlth   +.........               (no amulet)
HPRegen 0.23/turn                (no ring)
MPRegen 0.10/turn                (no ring)

@: silenced, very slightly contaminated
A: weakness stinger 1
a: no special abilities


You were on level 1 of the Dungeon.
You visited 1 branch of the dungeon, and saw 1 of its levels.

You collected 41 gold pieces.

Inventory:

Hand Weapons
 a - a +0 dagger (weapon)
 i - a +0 short sword
Missiles
 f - 3 stones (quivered)
Armour
 b - a +0 robe (worn)
 c - a +0 hat (worn)
Scrolls
 h - a scroll of identify {unknown}
Potions
 g - a potion of might {unknown}
 j - a potion of mutation {unknown}


   Skills:
 + Level 0.5 Fighting
 + Level 1.9 Dodging
 + Level 2.0 Stealth
 * Level 3.1 Spellcasting
 * Level 1.3 Conjurations
 + Level 1.2 Summonings
 + Level 1.1 Translocations


You had 4 spell levels left.
You knew the following spells:

 Your Spells              Type           Power      Damage    Failure   Level
a - Magic Dart            Conj           24%        1d4       12%         1
b - Call Imp              Summ           6%         N/A       19%         2

Your spell library contained the following spells:

 Spells                   Type           Power      Damage    Failure   Level
 Blink                    Tloc           10%        N/A       19%         2
 Slow                     Hex            8%         N/A       21%         1
 Cigotuvi's Dreadful Rot  Necr/Pois/Air  4%         N/A       30%         2
 Mephitic Cloud           Conj/Pois/Air  3%         N/A       45%         3


Dungeon Overview and Level Annotations

Branches:
Dungeon (1/15)

Altars:


Innate Abilities, Weirdness & Mutations

You have a small tail.


Message History

You completely miss the jackal.
The jackal is severely wounded.
The jackal bites you. The jackal barely misses you. x2
You hit the jackal but do no damage.
The jackal is severely wounded.
The jackal closely misses you. The jackal misses you. The jackal bites you.
You closely miss the jackal. You tail-slap the jackal.
The jackal is almost dead.
The jackal closely misses you. x2
Casting: Call Imp (safe; 19% risk of failure)
Confirm with . or Enter, or press ? or * to list all spells.
Aiming: Magic Dart (safe; 12% risk of failure)
Press: ? - help, Shift-Dir - straight line, f/p - jackal
Aim: a jackal (severely wounded, 100% to hit)
The magic dart hits the jackal.
The jackal is almost dead.
The jackal barely misses you. The jackal bites you.
* * * LOW HITPOINT WARNING * * *
The jackal misses you. The jackal closely misses you.
As you read the scroll labelled NUTHRE NUULAEM, it crumbles to dust.
A profound silence engulfs you.
It was a scroll of silence.
The jackal bites you but does no damage.
The jackal barely misses you. Magic courses through your body.
The jackal completely misses you.
The jackal bites you but does no damage.
The jackal barely misses you.
You completely miss the jackal.
The jackal is almost dead.
The jackal bites you.
* * * LOW HITPOINT WARNING * * *
The jackal closely misses you.
The jackal bites you but does no damage.
You barely miss the jackal.
You tail-slap the jackal, but do no damage.
You punch the jackal, but do no damage.
The jackal is almost dead.
The jackal bites you.
* * * LOW HITPOINT WARNING * * *
The jackal bites you.
You die...

#############
............#
###########.#
#.........#.#
#.####....#.# ..#
#.....#.#.#### ..#
#.....#.#.hh@#
#.###.#####.####h#
#.#.........# #.#
............####.#####
.......#.......#.....#
.......#.##.##)#####.#
.......#.............#
......####.###.#######
......+....# #.#


You could see 3 jackals.

Vanquished Creatures
  4 bats (D:1)
  2 goblins (D:1)
  3 quokkas (D:1)
  2 ball pythons (D:1)
  A frilled lizard (D:1)
  3 kobolds (D:1)
  3 rats (D:1)
18 creatures vanquished.

Notes
Turn   | Place    | Note
-------+----------+-------------------------------------------
     0 | D:1      | PimpSugar the Demonspawn Hedge Wizard began the quest for
                  | the Orb.
     0 | D:1      | Reached XP level 1. HP: 13/13 MP: 4/4
   188 | D:1      | Reached skill level 1 in Translocations
   409 | D:1      | Gained mutation: You have a small tail. [demonic ancestry]
   409 | D:1      | Reached XP level 2. HP: 20/20 MP: 3/6
   576 | D:1      | Learned a level 2 spell: Call Imp
   993 | D:1      | Slain by a jackal

Illustrated notes

Levels and vault maps discovered:
D:1:      dpeg_arrival_tiny_g, layout_basic, minmay_misc_feat_iff

Skill      XL: |  1  2 |
---------------+-------+-----
Translocations | 1 |  1.1
Stealth        | 2 |  2.0
Fighting       | |  0.5
Dodging        | |  1.9
Spellcasting   | |  3.1
Conjurations   | |  1.3
Summonings     | |  1.2

Action                   || total
-------------------------++-------
Melee: Dagger            ||    41
       Tailslap          ||     7
       Punch             ||     1
Throw: Stone             ||     5
 Cast: Magic Dart        ||    27
  Use: Scroll            ||     1
       Potion            ||     1
Armor: Robe              ||    11
Dodge: Dodged            ||    62

Table legend: (Time is in decaauts)
 A = Elapsed time spent in this place.
 B = Non-inter-level travel time spent in this place.
 C = Inter-level travel time spent in this place.
 D = Time resting spent in this place.
 E = Time spent auto-exploring this place.
 F = Levels seen in this place.
 G = Mean time per level.
                   A        B        C        D        E       F      G
               +--------+--------+--------+--------+--------+-----+--------+
         Total |    993 |    993 |      0 |      0 |    828 |   1 |  993.0 |
       Dungeon |    993 |    993 |      0 |      0 |    828 |   1 |  993.0 |
               +--------+--------+--------+--------+--------+-----+--------+

Top non-repeatable levels by time:
     D:1: 993 daAuts
